 Dungeon Crawl Stone Soup version 0.32-a0-871-ge202e49faa (webtiles) character file.

Game seed: 17434255398060601492

47665 Lanoc the Fencer (level 14, -4/114 HPs)
             Began as a Coglin Berserker on Mar 29, 2024.
             Was a High Priest of Trog.
             Slain by Erolcha
             ... wielding a +2 spectral giant spiked club
              (23 damage)
             ... on level 2 of the Orcish Mines.
             The game lasted 00:30:37 (18136 turns).

Lanoc the Fencer (Coglin Berserker)                Turns: 18136, Time: 00:30:37

Health: -4/114     AC: 31    Str: 18    XL:     14   Next: 42%
Magic:  4/4        EV:  9    Int: 11    God:    Trog [*****.]
Gold:   1058       SH:  0    Dex: 17    Spells: 13/13 levels left

rFire   + . .        O - +2 demon blade (antimagic) {Chakide}
rCold   . . .        K - +5 double sword (flame) {Minoru}
rNeg    . . .        k - +6 plate armour of the Tuna {Fly Will- Int+3}
rPois   .            (no helmet)
rElec   .            E - +2 cloak {Will+}
rCorr   .            C - +1 pair of gloves
SInv    .            (no boots)
Will    ++++.        (amulet unavailable) Stlth
                     (ring unavailable)
HPRegen 1.39/turn    (ring unavailable)
MPRegen 0.09/turn    R - hypercompensator N-10 {RevParry, rF+ Will+}

%: no passive effects
@: strong-willed, on berserk cooldown, flying, regenerating, slowed, revved,
very slow
A: off-hand wielding, slow wielding, warmup strikes, no jewellery
a: Renounce Religion, Berserk, Trog's Hand, Brothers in Arms


You were on level 2 of the Orcish Mines.
You worshipped Trog.
Trog was extremely pleased with you.
You visited 3 branches of the dungeon, and saw 18 of its levels.
You also visited: Sewer and Ossuary.

You collected 1389 gold pieces.
You spent 331 gold pieces at shops.

Inventory:

Hand Weapons
 z - a +2 falchion of flaming {Ran}
 F - a +3 scimitar of flaming
 K - a +5 double sword of flaming (offhand) {Minoru}
 L - a +3 scimitar of freezing
 O - a +2 antimagic demon blade (weapon) {Chakide}
Missiles
 p - 2 curare-tipped darts
 A - 4 throwing nets (quivered)
Armour
 k - the +6 plate armour of the Tuna (worn) {Fly Will- Int+3}
   (You found it on level 2 of the Dungeon)

   Int+3:     It affects your intelligence (+3).
   Will-:     It decreases your willpower.
   Fly:       It grants you flight.
 C - a +1 pair of gloves (worn)
 E - a +2 cloak of willpower (worn)
Gizmo
 R - a hypercompensator N-10 (installed) {RevParry, rF+ Will+}
   (You invented it yourself on level 15 of the Dungeon)

   [hypercompensator N-10]

   RevParry:  Your AC increases as you Rev (up to +5) and while fully Revved,
   your attacks may disarm enemies.
   rF+:       It protects you from fire.
   Will+:     It increases your willpower.
Wands
 j - a wand of flame (40)
 m - a wand of charming (22)
 D - a wand of polymorph (10)
 I - a wand of iceblast (19)
 M - a wand of digging (5)
Scrolls
 a - a scroll of amnesia
 b - 2 scrolls of immolation
 d - 3 scrolls of noise
 g - a scroll of revelation
 q - 5 scrolls of blinking
 s - 2 scrolls of fear
 v - 2 scrolls of enchant armour
 w - 2 scrolls of vulnerability
 x - 7 scrolls of teleportation
 y - 6 scrolls of fog
 G - 3 scrolls of poison
 J - a scroll of torment {unknown}
 P - a scroll of enchant weapon
 Q - a scroll of brand weapon
Potions
 c - 2 potions of magic
 e - 3 potions of brilliance
 f - 4 potions of might
 h - 4 potions of invisibility
 i - 2 potions of curing
 l - 4 potions of enlightenment
 n - 3 potions of attraction
 o - 2 potions of lignification
 r - a potion of resistance
 t - 3 potions of degeneration
 u - 5 potions of haste
 B - a potion of berserk rage
 H - a potion of ambrosia
 N - 2 potions of mutation


   Skills:
 + Level 11.7 Fighting
 * Level 15.9 Long Blades
 + Level 10.5 Armour
 + Level 10.6 Dodging


You had 13 spell levels left.
You didn't know any spells.
Your spell library was empty.

Dungeon Overview and Level Annotations

Branches:
Dungeon (15/15)            Temple (1/1) D:4            Lair (0/5) D:9
    Orc (2/2) D:11            Elf (0/3) Orc:2        Vaults (0/5) D:14
 Depths (0/4) D:15          Sewer (visited)         Ossuary (visited)

Altars:
Ashenzari
Cheibriados
Dithmenos
Elyvilon
Fedhas
Gozag
Hepliaklqana
Kikubaaqudgha
Makhleb
Nemelex Xobeh
Okawaru
Qazlal
Ru
Sif Muna
Trog
Uskayaw
Vehumet
Wu Jian
Xom
Yredelemnul
Zin
The Shining One
Beogh

Shops:
D:8 ?:[*   D:11 :   D:12 *   Orc:1 =

Portals:
Ice
Cave: Orc:2

Annotations:
D:9 3 runed translucent doors, junkhipster's ghost, novice GrFi
D:10 2 transporters, exclusions: oklob plant and oklob sapling, MagicSucks's ghost, journeyman NaSu
D:12 3 runed translucent doors
D:13 2 transporters, Lanoc's ghost, journeyman TrSh
Orc:1 1 runed translucent door
Orc:2 Erolcha


Innate Abilities, Weirdness & Mutations

You can wield a second weapon in your off-hand.
It takes a long time for you to wield or remove held weapons.
Your first few attacks do less damage.
You cannot equip rings or amulets.


Message History

You hit something but do no damage.
You slash something with your +2 antimagic demon blade!
The two-headed ogre hits your ogre with a +0 giant club!
The two-headed ogre hits your ogre with a +0 giant spiked club!
A two-headed ogre comes into view.
It is wielding two +0 giant spiked clubs.
Something completely misses you. Something hits you but does no damage.
You barely miss something with your +5 double sword of flaming.
The two-headed ogre shouts in stereo!
You slash something with your +2 antimagic demon blade!
Your ogre hits the two-headed ogre with a +0 giant club!!
The two-headed ogre hits you with a +0 dire flail.
The two-headed ogre closely misses you. Something hits you.
The two-headed ogre hits you but does no damage.
The two-headed ogre hits you with a +0 giant spiked club!
Something hits you but does no damage.
You hear two shouts!
You slash something with your +2 antimagic demon blade!
You closely miss something with your +5 double sword of flaming.
Your ogre completely misses the two-headed ogre.
A two-headed ogre comes into view.
It is wielding a +0 giant spiked club and a +0 giant club.
An ogre comes into view. It is wielding a +0 giant club. x2
The two-headed ogre hits you with a +0 dire flail!
* * * LOW HITPOINT WARNING * * *
The two-headed ogre hits you with a +0 giant club!
* * * LOW HITPOINT WARNING * * *
Blink to where?
Press: ? - help, Dir - move target 8 simulacra and Erolcha come into view.
Erolcha is wielding a +2 spectral giant spiked club.
Found a frozen archway.
As you read the scroll of blinking, it crumbles to dust.
Erolcha shouts!
Erolcha mumbles some strange words.
Erolcha blinks!
Your ogre hits the two-headed ogre with a +0 giant club!!!
The two-headed ogre dies!
Trog accepts your kill.
Your ogre hits the two-headed ogre with a +0 giant club!!
Erolcha hits you with a +2 spectral giant spiked club!!
You die...

,,,,,,.......#.))OOOO...O,,∩∩,,,,
,,,,,,.#....#..)O)O{OOO.O,,∩∩,,,,
,,_,,,.....##<.))O#......,,,,,,,,
,,,,,,.....#....O.##.....,,,,,,,,
,,,,,^$...........####...,,,,,,,,
,,,,,,.............######**,,****
,,,,,,.......$..........,,,,,,,,,
,,,,,,.........#.#......,,,,,,,,,
,,,,,,...#.##.##@....$#*,,,******
,*,,,,....#####..O.#..#**,**
***,*,...#.#####ZZ......***
**,,,,,,,,,,* *ZZ...#...<*
,**,,,,,,,,** #....Z.###*********
***,,,,,,,,,* #.ZZ...#,,,,,,,,,,,
****,,,,*,,,* #.Z....+,,,,,,,,,,,
,***,,,*,,,***#......#,,,,,,,,,,,
***,,,***,,,*,.......#***********


You could see a two-headed ogre (distracted, ally target), Erolcha, 2 ogres, a
death yak simulacrum, an elephant simulacrum, 2 spriggan simulacra, 2 two-headed
ogre simulacra, 2 troll simulacra and a friendly ogre (summoned, berserk).

Vanquished Creatures
  A stone giant (D:15)
  Nessos (D:15)
  Snorg (D:14)
  3 hydras
  2 ogre magi
  5 centaur warriors
  2 dancing weapons (D:14)
  5 boulder beetles
  12 two-headed ogres
  A naga ritualist (D:12)
  Pikel (D:8)
  6 manticores
  9 ugly things
  2 cyclopes
  Joseph (D:8)
  3 black mambas (D:12)
  A gargoyle (D:9)
  4 kobold demonologists
  An unseen horror (D:11)
  An efreet (D:14)
  2 centaur skeletons (D:10)
  A komodo dragon (D:9)
  Psyche (D:8)
  A tengu conjurer (D:15)
  2 trolls
  2 hellwings (D:10)
  Grinder (D:6)
  A hornet (D:10)
  A centaur simulacrum (D:14)
  9 slime creatures
  2 shadows
  A human (shapeshifter) (D:13)
  3 wraiths
  A vampire (D:12)
  4 wyverns
  14 yaks
  2 wargs (Orc:1)
  A steam dragon (shapeshifter) (D:14)
  A water moccasin (D:10)
  An acid dragon (D:9)
  3 sky beasts
  10 orc warriors
  A black bear (D:5)
  4 ice beasts
  The ghost of zyxw121 the Slasher, an amateur MiFi (D:3)
  16 ogres
  7 centaurs
  A lemure (D:8)
  2 phantoms (D:5)
  A bullfrog (D:7)
  9 kobold brigands
  2 gnoll sergeants (D:11)
  5 scorpions (Ossuary)
  14 wights
  4 killer bees (D:10)
  9 electric eels
  A howler monkey (D:6)
  4 centaur zombies
  A bombardier beetle (D:5)
  A bullfrog zombie (D:3)
  3 human zombies (Ossuary)
  4 hounds
  4 jellies
  12 orc priests
  Crazy Yiuf (D:4)
  Ijyb (D:5)
  3 iguanas
  12 orc wizards
  2 gnoll boudas (D:7)
  4 scorpion zombies (Ossuary)
  Terence (D:2)
  A killer bee zombie (D:3)
  3 mummies (Ossuary)
  22 gnolls
  13 adders
  4 shadow imps
  A white imp (D:7)
  2 ufetubi (D:5)
  3 adder zombies (Ossuary)
  4 dart slugs
  4 ribbon worms
  42 orcs
  14 bats
  9 endoplasms
  6 giant cockroaches
  3 gnoll zombies (Ossuary)
  6 goblins
  3 hobgoblins
  6 jackals
  4 quokkas
  22 ball pythons
  A ball python zombie (Ossuary)
  5 frilled lizards
  2 jackal zombies (Ossuary)
  23 kobolds
  2 orc zombies (Ossuary)
  13 rats
  A spectral hobgoblin (D:1)
475 creatures vanquished.

Vanquished Creatures (collateral kills)
  A two-headed ogre (Orc:2)
1 creature vanquished.

Vanquished Creatures (others)
  An orc wizard (D:8)
1 creature vanquished.

Grand Total: 477 creatures vanquished

Notes
Turn   | Place    | Note
-------+----------+-------------------------------------------
     0 | D:1      | Lanoc the Coglin Berserker began the quest for the Orb.
     0 | D:1      | Reached XP level 1. HP: 18/18 MP: 1/1
   211 | D:1      | Found a faded altar of an unknown god.
   290 | D:1      | Reached XP level 2. HP: 19/20 MP: 2/2
   457 | D:1      | Reached XP level 3. HP: 28/28 MP: 3/3
   628 | D:1      | Reached ** piety under Trog
  1032 | D:2      | Noticed Terence
  1054 | D:2      | Reached XP level 4. HP: 20/35 MP: 4/4
  1059 | D:2      | Killed Terence
  1060 | D:2      | Reached skill level 4 in Long Blades
  1498 | D:2      | Identified the +6 plate armour of the Tuna {Fly Will-
                  | Int+3}
  1836 | D:3      | Found a runed translucent gate.
  1837 | D:3      | Found a runed translucent gate.
  1838 | D:3      | Found a runed translucent gate.
  2068 | D:3      | Reached XP level 5. HP: 41/41 MP: 5/5
  2136 | D:3      | Found a white marble altar of Elyvilon.
  2242 | D:3      | Noticed zyxw121's ghost (amateur MiFi)
  2250 | D:3      | Killed zyxw121's ghost
  2251 | D:3      | Reached XP level 6. HP: 48/48 MP: 6/6
  2301 | D:4      | Found a sand-covered staircase.
  2306 | Ossuary  | Entered an ossuary
  2318 | Ossuary  | Reached skill level 5 in Long Blades
  2337 | Ossuary  | Reached *** piety under Trog
  2341 | Ossuary  | Reached XP level 7. HP: 54/54 MP: 7/7
  2485 | Ossuary  | Reached skill level 6 in Long Blades
  2534 | Ossuary  | Reached XP level 8. HP: 52/61 MP: 8/8
  2727 | D:4      | Found a glowing drain.
  2731 | Sewer    | Entered a sewer
  2736 | Sewer    | Reached **** piety under Trog
  2938 | Sewer    | Reached skill level 5 in Fighting
  3462 | D:4      | Found a staircase to the Ecumenical Temple.
  3473 | Temple   | Entered the Ecumenical Temple
  3552 | D:4      | Identified the +1 plate armour "Kadd" {Harm rN++ Int-5
                  | Dex+4}
  3733 | D:4      | Found a runed translucent door.
  3734 | D:4      | Noticed Crazy Yiuf
  3740 | D:4      | Killed Crazy Yiuf
  3810 | D:5      | Entered Level 5 of the Dungeon
  4019 | D:5      | Reached skill level 7 in Long Blades
  4393 | D:5      | Noticed Ijyb
  4401 | D:5      | Killed Ijyb
  4407 | D:5      | Reached XP level 9. HP: 69/69 MP: 9/9
  4410 | D:5      | Reached ***** piety under Trog
  4524 | D:5      | Reached skill level 5 in Armour
  5368 | D:6      | Reached skill level 8 in Long Blades
  5413 | D:6      | Reached skill level 5 in Dodging
  5427 | D:6      | Noticed Grinder
  5441 | D:6      | Killed Grinder
  5641 | D:6      | Found a shadowy altar of Dithmenos.
  5641 | D:6      | Found a radiant altar of Vehumet.
  5642 | D:6      | Found a snail-covered altar of Cheibriados.
  5643 | D:6      | Found a shimmering blue altar of Sif Muna.
  5927 | D:6      | Found a hide-covered altar of Uskayaw.
  5927 | D:6      | Found a bloodstained altar of Trog.
  5928 | D:6      | Found a glowing golden altar of the Shining One.
  5929 | D:6      | Found a blossoming altar of Fedhas.
  5929 | D:6      | Found a hazy altar of Hepliaklqana.
  5930 | D:6      | Found an ornate altar of the Wu Jian Council.
  5993 | D:6      | You are sucked into a shaft and drop 1 floor!
  6180 | D:7      | Reached skill level 9 in Long Blades
  6230 | D:7      | HP: 1/106 [orc warrior/+0 battleaxe (15)]
  6254 | D:7      | Reached XP level 10. HP: 32/77 MP: 10/10
  7306 | D:8      | Noticed Joseph
  7327 | D:8      | Killed Joseph
  7673 | D:8      | Noticed Psyche
  7687 | D:8      | Killed Psyche
  7688 | D:8      | Reached skill level 10 in Long Blades
  7793 | D:8      | Found Boughan's Antique Armour Shoppe.
  7861 | D:8      | Found Igiptue's General Store.
  7871 | D:8      | Noticed Pikel
  7900 | D:8      | Killed Pikel
  8042 | D:8      | Found Mywu's Magic Scroll Emporium.
  8047 | D:8      | Bought a scroll of teleportation for 39 gold pieces
  8047 | D:8      | Bought 3 scrolls of enchant weapon for 292 gold pieces
  8219 | D:8      | Found Ryicrydi's Book Emporium.
  8501 | D:9      | Found an ancient bone altar of Kikubaaqudgha.
  8822 | D:9      | Noticed a gargoyle
  8832 | D:9      | Killed a gargoyle
  8966 | D:9      | Found a shimmering altar of Xom.
  8968 | D:9      | Identified the +2 leather armour of Pragmatism {Dex+2}
  9046 | D:9      | Reached XP level 11. HP: 73/86 MP: 11/11
  9058 | D:9      | Reached skill level 11 in Long Blades
  9217 | D:9      | Found a staircase to the Lair.
  9465 | D:9      | Found a runed translucent gate.
  9475 | D:9      | Found a runed translucent gate.
  9475 | D:9      | Found a runed translucent gate.
  9477 | D:9      | Noticed junkhipster's ghost (novice GrFi)
  9651 | D:10     | Entered Level 10 of the Dungeon
 10046 | D:10     | Noticed a two-headed ogre
 10060 | D:10     | Killed a two-headed ogre
 10062 | D:10     | Received a gift from Trog
 10278 | D:10     | Noticed a moth of wrath
 10278 | D:10     | Noticed a tengu warrior
 10278 | D:10     | Noticed MagicSucks's ghost (journeyman NaSu)
 10285 | D:10     | Found a bloodstained altar of Trog.
 10302 | D:10     | Found a transporter.
 10305 | D:10     | Found a transporter.
 10306 | D:10     | Noticed a two-headed ogre
 10460 | D:10     | Reached skill level 12 in Long Blades
 11100 | D:10     | Noticed an oklob plant
 11253 | D:11     | Noticed a boulder beetle
 11255 | D:11     | Noticed a soul eater
 11258 | D:11     | Noticed a soul eater
 11416 | D:10     | Killed a boulder beetle
 11417 | D:10     | Reached XP level 12. HP: 65/95 MP: 12/12
 11727 | D:11     | Found Asyreq's Book Boutique.
 11814 | D:11     | Found a roughly hewn altar of Beogh.
 11948 | D:11     | Found a staircase to the Orcish Mines.
 12232 | D:11     | Noticed a boulder beetle
 12252 | D:11     | Killed a boulder beetle
 12253 | D:11     | Received a gift from Trog
 12421 | D:11     | Reached skill level 13 in Long Blades
 12737 | D:12     | Noticed a five-headed hydra
 12747 | D:12     | Killed a six-headed hydra
 12865 | D:12     | Found Ruyweh's Serpentskin Sales.
 13160 | D:12     | Reached skill level 10 in Fighting
 13429 | D:12     | Found a runed translucent gate.
 13430 | D:12     | Found a runed translucent gate.
 13430 | D:12     | Found a runed translucent gate.
 13434 | D:12     | a sea snake changed into a shock serpent
 13434 | D:12     | Noticed a shock serpent (glowing shapeshifter)
 13436 | D:12     | a sea snake changed into a broodmother
 13436 | D:12     | Noticed a broodmother (glowing shapeshifter)
 13474 | D:12     | Noticed a radroach
 13476 | D:12     | a radroach changed into a glowing shapeshifter
 13651 | D:12     | a shining eye changed into an ice dragon
 13651 | D:12     | Noticed an ice dragon (glowing shapeshifter)
 13685 | D:13     | Noticed a boulder beetle
 13705 | D:13     | Killed a boulder beetle
 13743 | D:13     | Noticed a centaur warrior
 13747 | D:13     | Killed a centaur warrior
 14045 | D:13     | Reached XP level 13. HP: 95/103 MP: 4/13
 14133 | D:13     | Found a transporter.
 14134 | D:13     | Noticed Lanoc's ghost (journeyman TrSh)
 14148 | D:13     | Found a transporter.
 14247 | D:13     | Reached skill level 14 in Long Blades
 15502 | D:14     | Found a gate to the Vaults.
 15863 | D:14     | Noticed Snorg
 15873 | D:14     | Killed Snorg
 15973 | D:15     | Entered Level 15 of the Dungeon
 16091 | D:15     | Reached skill level 15 in Long Blades
 16360 | D:15     | Reached skill level 10 in Armour
 16364 | D:15     | Reached skill level 10 in Dodging
 16539 | D:15     | Noticed Nessos
 16553 | D:15     | Killed Nessos
 16641 | D:15     | Reached XP level 14. HP: 113/113 MP: 4/14
 16645 | D:15     | Received a gift from Trog
 16659 | D:15     | Acquired a hypercompensator N-10 {RevParry, rF+ Will+}
 16840 | D:15     | Found a staircase to the Depths.
 16840 | D:15     | Noticed a stone giant
 16851 | D:15     | Killed a stone giant
 17323 | Orc:1    | Entered Level 1 of the Orcish Mines
 17390 | Orc:1    | Found Neub's Jewellery Boutique.
 17806 | Orc:1    | Found a runed translucent door.
 17809 | Orc:1    | Noticed a balrug
 18089 | Orc:2    | Entered Level 2 of the Orcish Mines
 18135 | Orc:2    | Found a frozen archway.
 18135 | Orc:2    | Noticed Erolcha
 18136 | Orc:2    | Slain by Erolcha

Illustrated notes

Levels and vault maps discovered:
D:1:      matt_arrival_diagonals, layout_basic,
          dreamdust_ecumenical_altar_drowned_temple
D:2:      layout_basic, uniq_terence
D:3:      layout_rooms, mainiacjoe_overflow_cross_hatched,
          gammafunk_ghost_necromancy
D:4:      layout_rooms, minmay_temple_entry_purple_smoke,
          mainiacjoe_sewer_entry_somewhere_in_here_1, enter_ossuary_1,
          uniq_crazy_yiuf_cottage
D:5:      layout_layer_cave, kennysheep_cross_bottleneck, uniq_ijyb
D:6:      layout_gridville, nicolae_overflows_in_rows, kennysheep_flooded_box,
          minmay_misc_feat_room, uniq_grinder
D:7:      layout_rooms
D:8:      layout_loops_ring, serial_shops, shop, shop, shop, nicolae_shop_trees,
          serial_bayou, serial_bayou_pond_c, serial_bayou_pond_a,
          serial_bayou_lagoon_a, serial_bayou_pond_e, corner_web_ring,
          uniq_joseph, uniq_psyche, uniq_pikel
D:9:      layout_loops_cross, marbit_many_paths, lemuel_doored_altar,
          lair_entry_dummy, gammafunk_ghost_nasty_kobolds
D:10:     cheibrodos_grave_circle, layout_basic,
          gammafunk_ghost_wrathful_warriors, introduction_to_nature_2
D:11:     minmay_skewed_foursquare, layout_long_grid,
          kennysheep_orc_monster_closet_entryway, serial_shops,
          nicolae_book_shop_shelving, david_defended_altar_orc
D:12:     layout_irregular_city, ploomutoo_gammafunk_ghost_potion_laboratory,
          guppyfry_shop_venom
D:13:     layout_roguey, gammafunk_ghost_berserking_beasts
D:14:     layout_loops_ring, erik_vaults_1, serial_bayou_pond_e, uniq_snorg
D:15:     grunt_enter_depths_giant_problem, layout_small_grid,
          chequers_serial_rivers_large_a, uniq_nessos
Temple:   hellmonk_temple_rainy
Orc:1:    dreamdust_dug_too_deep, layout_caves, serial_shops, shop
Orc:2:    st_orc_ogre_mass, layout_caves, portal_ice_cave_entry_ice_simulacra,
          basic_altar, minmay_orc_barracks, uniq_erolcha

Skill      XL: |  1  2  3  4  5  6  7  8  9 10 11 12 13 |
---------------+----------------------------------------+-----
Armour         | 2 3 4 5 6 8 9 10 | 10.5
Dodging        | 2 3 4 5 6 8 9 10 | 10.6
Long Blades    | 4 5 6 7 9 10 12 13 15 | 15.9
Fighting       | 4 5 6 8 9 10 11 | 11.7

Action                     |  1- 3 |  4- 6 |  7- 9 | 10-12 | 13-15 || total
---------------------------+-------+-------+-------+-------+-------++-------
  Melee: Falchion          |    94 |   120 |   764 |   624 |       ||  1602
         Dagger            |    82 |    53 |       |       |       ||   135
         Double sword      |       |       |       |   243 |   233 ||   476
         Demon blade       |       |       |       |    73 |   220 ||   293
 Invoke: Berserk           |       |     4 |     5 |     4 |     5 ||    18
         Trog's Hand       |       |       |     1 |       |     1 ||     2
         Brothers in Arms  |       |       |       |       |     1 ||     1
Ability: Invent Gizmo      |       |       |       |       |     1 ||     1
    Use: Potion            |     1 |       |     3 |       |     1 ||     5
         Scroll            |       |     7 |    14 |     7 |     3 ||    31
   Stab: Sleeping          |     1 |     1 |       |       |       ||     2
 Armour: Animal skin       |    66 |    30 |       |       |       ||    96
         Plate armour      |       |    64 |   419 |   497 |   281 ||  1261
         Skin              |       |       |       |     2 |       ||     2
  Dodge: Dodged            |    57 |    47 |   140 |   166 |    99 ||   509

Table legend: (Time is in decaauts)
 A = Elapsed time spent in this place.
 B = Non-inter-level travel time spent in this place.
 C = Inter-level travel time spent in this place.
 D = Time resting spent in this place.
 E = Time spent auto-exploring this place.
 F = Levels seen in this place.
 G = Mean time per level.
                   A        B        C        D        E       F      G
               +--------+--------+--------+--------+--------+-----+--------+
         Total |  18108 |  17459 |    649 |    892 |  13364 |  20 |  905.4 |
       Dungeon |  16467 |  15862 |    605 |    892 |  12365 |  15 | 1097.8 |
        Temple |     14 |     14 |      0 |      0 |      0 |   1 |   14.0 |
  Orcish Mines |    792 |    749 |     43 |      0 |    651 |   2 |  396.0 |
         Sewer |    510 |    510 |      0 |      0 |    348 |   1 |  510.0 |
       Ossuary |    324 |    324 |      0 |      0 |      0 |   1 |  324.0 |
               +--------+--------+--------+--------+--------+-----+--------+

Top non-repeatable levels by time:
    D:10: 1731 daAuts
    D:14: 1627 daAuts
     D:5: 1534 daAuts
    D:15: 1255 daAuts
     D:9: 1216 daAuts
    D:11: 1210 daAuts
     D:8: 1147 daAuts
    D:12: 1116 daAuts
     D:6: 1037 daAuts
     D:7: 878 daAuts
     D:2: 863 daAuts
     D:1: 816 daAuts
   Orc:1: 752 daAuts
     D:3: 685 daAuts
    D:13: 676 daAuts
